Stars vs Kings
Created - February 12, 2024 at 19:43
Goals
|
| Stars |
1 |
0 |
1 |
2 |
| Kings |
3 |
0 |
2 |
5 |
|
Shots
|
| Stars |
8 |
5 |
11 |
24 |
| Kings |
11 |
8 |
9 |
28 |
|
1st period
1. Stars , John Tavares 29 (Boris Valabik 10) at 7:09
2. Kings , Auston Matthews 13 (Chris Tierney 16, Mikko Rantanen 23) at 7:24
3. Kings , Matthew Tkachuk 8 (Adrian Kempe 10, Adam Fox 13) at 12:28
4. Kings , Matthew Tkachuk 9 (Matt Martin 8) at 15:39
Penalties :
Andrej Sustr (Dal) for Holding (Minor) at 0:15, Andrej Sustr (Dal) for Hooking (Minor) at 8:20
2nd period
No Goal
Penalties :
Sidney Crosby (L.A) for Holding (Minor) at 14:22, Andrej Sustr (Dal) for Slashing (Minor) at 14:35
3rd period
5. Kings , Mitch Marner 13 (Jake Guentzel 25, Sidney Crosby 41) at 0:37
6. Stars , Evgeny Kuznetsov 8 (Jonathan Drouin 22, Cam Atkinson 15) at 13:37
7. Kings , Adrian Kempe 9 (Adam Fox 14) at 15:16
Penalties :
Boris Valabik (Dal) for Hooking (Minor) at 3:28, Michael Grabner (Dal) for Hooking (Minor) at 9:54, Andrej Sustr (Dal) for Holding (Minor) at 17:14
Goalie Stats
Matt Murray (Dal), 23 saves from 28 shots - (0.821), L, 16-14-4, 60:00 minutes
Ondrej Pavelec (L.A), 22 saves from 24 shots - (0.917), W, 24-11-2, 60:00 minutes
Players Stats for Stars
Player Name G A P +/- PIM S H SB GA TA FO MP PP MP PK MP
------------------------------------------------------------------------------------
Alex Chiasson 0 0 0 -1 0 1 1 0 0 0 0/0 11:20 0:00 0:00
Andrej Sustr 0 0 0 -1 8 0 2 1 2 0 0/0 22:29 0:12 2:23
Andrew Ladd 0 0 0 -1 0 1 2 0 1 0 0/1 18:09 0:00 4:11
Ben Chiarot 0 0 0 -2 0 1 2 2 0 1 0/0 23:01 0:00 5:55
Boris Valabik 0 1 1 -1 2 1 1 4 0 2 0/0 24:27 0:13 5:33
Brian Lee 0 0 0 0 0 0 0 1 0 1 0/0 16:45 0:00 2:12
Cam Atkinson 0 1 1 -1 0 3 4 0 0 1 0/0 10:52 0:00 0:00
Evgeny Grachev 0 0 0 -1 0 0 4 0 0 1 2/12 17:51 0:00 4:08
Evgeny Kuznetsov 1 0 1 -1 0 2 0 1 0 0 3/7 11:25 0:00 0:08
Guillaume Latendresse 0 0 0 0 0 4 3 0 0 1 0/1 22:41 0:13 5:42
Henrik Borgstrom 0 0 0 -1 0 0 1 0 0 0 0/3 7:03 0:00 0:00
John Tavares 1 0 1 0 0 4 2 1 0 0 17/29 23:06 0:13 5:49
Jonathan Drouin 0 1 1 -1 0 2 0 0 0 0 0/0 12:22 0:00 0:18
Michael Grabner 0 0 0 0 2 3 2 0 1 1 0/0 15:53 0:13 0:00
Paul Ladue 0 0 0 -1 0 0 2 2 0 0 0/0 22:02 0:00 4:08
Scott Kosmachuck 0 0 0 -1 0 0 1 0 0 0 0/0 7:03 0:00 0:00
Tobias Rieder 0 0 0 -1 0 1 0 0 0 3 0/0 7:23 0:00 0:00
Tyler Wotherspoon 0 0 0 -1 0 1 0 0 1 0 0/0 14:08 0:00 0:05
Players Stats for Kings
Player Name G A P +/- PIM S H SB GA TA FO MP PP MP PK MP
------------------------------------------------------------------------------------
Aaron Ekblad 0 0 0 2 0 0 1 0 0 0 0/0 16:44 0:01 0:00
Adam Fox 0 2 2 2 0 2 1 5 0 2 0/0 17:43 0:00 0:00
Adrian Kempe 1 1 2 0 0 1 2 5 1 0 0/0 14:52 3:59 0:00
Auston Matthews 1 0 1 1 0 4 1 0 2 0 14/26 21:25 5:55 0:00
Chris Tierney 0 1 1 1 0 3 3 1 1 0 1/2 14:57 0:14 0:13
Colton Parayko 0 0 0 2 0 0 1 3 2 0 0/0 16:06 0:01 0:13
Jake Guentzel 0 1 1 0 0 3 2 0 1 2 0/1 21:05 6:32 0:00
Jared Cowen 0 0 0 2 0 0 1 1 0 1 0/0 17:56 0:00 0:13
Marc Staal 0 0 0 -1 0 0 0 1 0 0 0/0 13:32 0:00 0:00
Matt Martin 0 1 1 2 0 0 1 1 0 0 3/5 10:49 0:00 0:13
Matthew Tkachuk 2 0 2 2 0 5 0 0 0 0 1/1 13:54 3:59 0:00
Mikko Rantanen 0 1 1 1 0 3 1 0 1 0 0/3 22:13 6:08 0:00
Mitch Marner 1 0 1 0 0 4 2 1 2 0 0/0 19:31 6:08 0:00
Quinn Hughes 0 0 0 -1 0 1 0 1 0 0 0/0 21:15 6:32 0:00
Sam Bennett 0 0 0 0 0 1 3 0 0 0 3/6 15:06 4:00 0:00
Sidney Crosby 0 1 1 0 2 1 2 1 1 0 8/8 15:39 3:36 0:00
Teuvo Teravainen 0 0 0 0 0 0 0 0 0 0 0/0 14:37 3:35 0:00
Zac Rinaldo 0 0 0 2 0 0 2 0 0 0 1/1 10:36 0:00 0:00
3 Stars
1 - Matthew Tkachuk (L.A)
2 - Adrian Kempe (L.A)
3 - Adam Fox (L.A)
Power Play
Stars - 0 on 1 Attempt(s) - 0.00%
Kings - 0 on 6 Attempt(s) - 0.00%
Penalty Kill
Stars - 6 on 6 Attempt(s) - 100.00%
- Score 0 goal in Penalty Kill
Kings - 1 on 1 Attempt(s) - 100.00%
- Score 0 goal in Penalty Kill
Team Stat
Stars - Hits : 27 - Faceoff Wins : 22 - Blocked Shots : 12 - Penalty Minutes : 12
Kings - Hits : 23 - Faceoff Wins : 31 - Blocked Shots : 20 - Penalty Minutes : 2
Official
Referees : Peter MacDougall and Dan Kelly
Linesman : Ryan Galloway and Brian Mach
Game Notes
7:24 of 1st period - Kings goal is going for a video replay. After video review, Goal.
Finance
Level 1 -- Attendance: 6000 (100.00%) -- Ticket Income $600,000
Level 2 -- Attendance: 4815 (96.30%) -- Ticket Income $288,900
Level 3 -- Attendance: 1916 (95.80%) -- Ticket Income $67,060
Level 4 -- Attendance: 3982 (99.55%) -- Ticket Income $99,550
Luxury Box -- Attendance: 1000 (100.00%) -- Ticket Income $200,000
Game was played at the Staples Center.
Total Attendance: 17713 (98.41%)
Total Ticket Income: $1,255,510
Other Income: $188,326
Total Income: $1,443,836
Stars
5 vs 5 Forward
Center Left Wing Right Wing Time % Phy DF OF
1 John Tavares Guillaume Latendresse Michael Grabner 40 1 2 2
2 Evgeny Grachev Andrew Ladd Alex Chiasson 30 1 2 2
3 Evgeny Kuznetsov Jonathan Drouin Cam Atkinson 20 1 2 2
4 Henrik Borgstrom Tobias Rieder Scott Kosmachuck 10 1 2 2
5 vs 5 Defense
Defense Defense Time % Phy DF OF
1 Andrej Sustr Boris Valabik 40 1 2 2
2 Paul Ladue Ben Chiarot 30 1 2 2
3 Brian Lee Tyler Wotherspoon 20 1 2 2
4 Andrej Sustr Boris Valabik 10 1 2 2
PowerPlay Forward
Center Left Wing Right Wing Time % Phy DF OF
1 John Tavares Guillaume Latendresse Michael Grabner 60 0 2 3
2 Evgeny Grachev Andrew Ladd Alex Chiasson 40 0 2 3
PowerPlay Defense
Defense Defense Time % Phy DF OF
1 Andrej Sustr Boris Valabik 60 1 2 2
2 Paul Ladue Ben Chiarot 40 1 2 2
Penalty Kill 4 Players Forward
Center Wing Time % Phy DF OF
1 John Tavares Guillaume Latendresse 60 1 2 2
2 Evgeny Grachev Andrew Ladd 40 1 2 2
Penalty Kill 4 Players Defense
Defense Defense Time % Phy DF OF
1 Andrej Sustr Boris Valabik 60 0 3 2
2 Paul Ladue Ben Chiarot 40 0 3 2
Penalty Kill - 3 Players Forward
Forward Time % Phy DF OF
1 John Tavares 60 1 2 2
2 Evgeny Grachev 40 1 2 2
Penalty Kill - 3 Players Defense
Defense Defense Time % Phy DF OF
1 Andrej Sustr Boris Valabik 60 0 3 2
2 Paul Ladue Ben Chiarot 40 0 3 2
4 vs 4 Forward
Center Wing Time % Phy DF OF
1 John Tavares Guillaume Latendresse 60 0 2 3
2 Evgeny Grachev Andrew Ladd 40 0 2 3
4 vs 4 Defense
Defense Defense Time % Phy DF OF
1 Andrej Sustr Boris Valabik 60 1 2 2
2 Paul Ladue Ben Chiarot 40 1 2 2
Last Minutes Offensive
Center Left Wing Right Wing Defense Defense
John Tavares Guillaume Latendresse Michael Grabner Andrej Sustr Boris Valabik
Last Minutes Defensive
Center Left Wing Right Wing Defense Defense
John Tavares Guillaume Latendresse Michael Grabner Andrej Sustr Boris Valabik
Goaltenders
Starting : Matt Murray
Backup : Jhonas Enroth
Extra Forwards
Normal : Andrew Ladd, Jonathan Drouin, Tobias Rieder - PP : Andrew Ladd, Jonathan Drouin - PK : Andrew Ladd
Extra Defensemen
Normal : Ben Chiarot, Brian Lee, Tyler Wotherspoon - PP : Ben Chiarot - PK : Ben Chiarot, Brian Lee
Penalty Shots
John Tavares, Michael Grabner, Guillaume Latendresse, Alex Chiasson, Andrew Ladd
Custom OT Lines Forwards
John Tavares, Michael Grabner, Guillaume Latendresse, Alex Chiasson, Andrew Ladd, Jonathan Drouin, Tobias Rieder, Evgeny Grachev, Cam Atkinson, Scott Kosmachuck
Custom OT Lines Defensemen
Andrej Sustr, Boris Valabik, Paul Ladue, Ben Chiarot, Brian Lee
Scratches
None
Kings
5 vs 5 Forward
Center Left Wing Right Wing Time % Phy DF OF
1 Sidney Crosby Jake Guentzel Mitch Marner 30 1 1 3
2 Auston Matthews Chris Tierney Mikko Rantanen 30 1 2 2
3 Sam Bennett Adrian Kempe Teuvo Teravainen 20 1 2 2
4 Matt Martin Zac Rinaldo Matthew Tkachuk 20 2 2 1
5 vs 5 Defense
Defense Defense Time % Phy DF OF
1 Colton Parayko Aaron Ekblad 35 1 2 2
2 Jared Cowen Adam Fox 35 1 3 1
3 Marc Staal Quinn Hughes 30 0 2 3
4 Quinn Hughes Jared Cowen 0 1 2 2
PowerPlay Forward
Center Left Wing Right Wing Time % Phy DF OF
1 Auston Matthews Mikko Rantanen Mitch Marner 60 0 0 5
2 Sam Bennett Adrian Kempe Matthew Tkachuk 40 0 0 5
PowerPlay Defense
Defense Defense Time % Phy DF OF
1 Quinn Hughes Jake Guentzel 70 0 1 4
2 Sidney Crosby Teuvo Teravainen 30 0 1 4
Penalty Kill 4 Players Forward
Center Wing Time % Phy DF OF
1 Chris Tierney Matt Martin 60 1 2 2
2 Sam Bennett Zac Rinaldo 40 1 2 2
Penalty Kill 4 Players Defense
Defense Defense Time % Phy DF OF
1 Colton Parayko Jared Cowen 60 1 2 2
2 Marc Staal Aaron Ekblad 40 1 2 2
Penalty Kill - 3 Players Forward
Forward Time % Phy DF OF
1 Chris Tierney 60 1 2 2
2 Sam Bennett 40 1 2 2
Penalty Kill - 3 Players Defense
Defense Defense Time % Phy DF OF
1 Colton Parayko Jared Cowen 60 1 2 2
2 Marc Staal Aaron Ekblad 40 1 2 2
4 vs 4 Forward
Center Wing Time % Phy DF OF
1 Jake Guentzel Mikko Rantanen 60 1 2 2
2 Sidney Crosby Auston Matthews 40 1 2 2
4 vs 4 Defense
Defense Defense Time % Phy DF OF
1 Aaron Ekblad Colton Parayko 60 1 2 2
2 Jared Cowen Adam Fox 40 1 2 2
Last Minutes Offensive
Center Left Wing Right Wing Defense Defense
Sidney Crosby Jake Guentzel Mitch Marner Aaron Ekblad Adam Fox
Last Minutes Defensive
Center Left Wing Right Wing Defense Defense
Sam Bennett Chris Tierney Matthew Tkachuk Marc Staal Jared Cowen
Goaltenders
Starting : Ondrej Pavelec
Backup : Igor Shesterkin
Extra Forwards
Normal : Sam Bennett, Chris Tierney, Auston Matthews - PP : Chris Tierney, Matt Martin - PK : Sidney Crosby
Extra Defensemen
Normal : Aaron Ekblad, Jared Cowen, Marc Staal - PP : Colton Parayko - PK : Adam Fox, Quinn Hughes
Penalty Shots
Matt Martin, Auston Matthews, Mikko Rantanen, Sidney Crosby, Jake Guentzel
Custom OT Lines Forwards
Sidney Crosby, Mikko Rantanen, Jake Guentzel, Auston Matthews, Mitch Marner, Teuvo Teravainen, Sam Bennett, Chris Tierney, Adrian Kempe, Matthew Tkachuk
Custom OT Lines Defensemen
Colton Parayko, Jared Cowen, Aaron Ekblad, Marc Staal, Adam Fox
Scratches
Frans Nielsen (Healthy), Jared Spurgeon (Healthy)
% Time on Ice - Stars
Lines # - Real PCT - Wanted PCT - Time Play
Normal Forward
1 - 36% - 40% - 17:04
2 - 27% - 30% - 12:54
3 - 23% - 20% - 10:52
4 - 15% - 10% - 7:03
Normal Defense
1 - 38% - 40% - 17:58
2 - 34% - 30% - 16:22
3 - 25% - 20% - 12:01
4 - 3% - 10% - 1:32
PP Forward
1 - 100% - 60% - 0:13
2 - 0% - 40% - 0:00
PP Defense
1 - 100% - 60% - 0:13
2 - 0% - 40% - 0:00
PK Forward
1 - 70% - 60% - 7:03
2 - 30% - 40% - 3:05
PK Defense
1 - 67% - 60% - 6:50
2 - 33% - 40% - 3:18
PK3 Forward
1 - 0% - 60%
2 - 0% - 40%
PK3 Defense
1 - 0% - 60%
2 - 0% - 40%
44 Forward
1 - 82% - 60% - 1:27
2 - 18% - 40% - 0:19
44 Defense
1 - 100% - 60% - 1:46
2 - 0% - 40% - 0:00
Last Minute Offensive - 0:00
Last Minute Defensive - 0:00
Total
Forward - 60:00
Defense - 60:00
|
% Time on Ice - Kings
Lines # - Real PCT - Wanted PCT - Time Play
Normal Forward
1 - 28% - 30% - 13:23
2 - 28% - 30% - 13:22
3 - 22% - 20% - 10:32
4 - 22% - 20% - 10:36
Normal Defense
1 - 35% - 35% - 16:58
2 - 36% - 35% - 17:23
3 - 28% - 30% - 13:32
4 - 0% - 0% - 0:00
PP Forward
1 - 61% - 60% - 6:09
2 - 39% - 40% - 3:59
PP Defense
1 - 65% - 70% - 6:33
2 - 35% - 30% - 3:35
PK Forward
1 - 100% - 60% - 0:13
2 - 0% - 40% - 0:00
PK Defense
1 - 100% - 60% - 0:13
2 - 0% - 40% - 0:00
PK3 Forward
1 - 0% - 60%
2 - 0% - 40%
PK3 Defense
1 - 0% - 60%
2 - 0% - 40%
44 Forward
1 - 75% - 60% - 1:20
2 - 25% - 40% - 0:26
44 Defense
1 - 53% - 60% - 0:56
2 - 47% - 40% - 0:50
Last Minute Offensive - 0:00
Last Minute Defensive - 0:00
Total
Forward - 60:00
Defense - 60:00
|
Play-by-Play
1st period
0:01 of 1st period - Sidney Crosby wins face-off versus Guillaume Latendresse in neutral zone.
0:15 of 1st period - Minor Penalty to Andrej Sustr for Holding.
0:16 of 1st period - John Tavares wins face-off versus Auston Matthews in Stars zone.
0:42 of 1st period - Quinn Hughes is hit by Evgeny Grachev and loses puck.
2:15 of 1st period - Penalty to Andrej Sustr is over, Andrej Sustr is back on ice.
3:30 of 1st period - Icing by Jonathan Drouin.
3:31 of 1st period - Sidney Crosby wins face-off versus Evgeny Grachev in Stars zone.
3:32 of 1st period - Snap shot by Mitch Marner.
3:32 of 1st period - Shot Blocked by Paul Ladue.
4:19 of 1st period - Snap shot by Jonathan Drouin.
4:19 of 1st period - Shot Misses the Net.
4:21 of 1st period - Snap shot by Cam Atkinson.
4:21 of 1st period - Stopped by Ondrej Pavelec without a rebound.
4:22 of 1st period - Auston Matthews wins face-off versus Evgeny Grachev in Kings zone.
5:52 of 1st period - Wrist shot by Tobias Rieder.
5:52 of 1st period - Stopped by Ondrej Pavelec with a rebound.
5:58 of 1st period - Tobias Rieder is hit by Colton Parayko and loses puck.
6:17 of 1st period - Wrist shot by Mitch Marner.
6:17 of 1st period - Stopped by Matt Murray with a rebound.
6:33 of 1st period - Snap shot by Alex Chiasson.
6:33 of 1st period - Stopped by Ondrej Pavelec without a rebound.
6:34 of 1st period - Auston Matthews wins face-off versus Evgeny Grachev in Kings zone.
7:09 of 1st period - Snap shot by John Tavares.
7:09 of 1st period - Goal by John Tavares - Stars : 1 - Kings : 0.
7:10 of 1st period - John Tavares wins face-off versus Auston Matthews in neutral zone.
7:12 of 1st period - Off-side.
7:13 of 1st period - John Tavares wins face-off versus Auston Matthews in neutral zone.
7:24 of 1st period - Snap shot by Chris Tierney.
7:24 of 1st period - Deflect By Auston Matthews.
7:24 of 1st period - Kings goal is going for a video replay.
7:24 of 1st period - The goal is good.
7:24 of 1st period - Goal by Auston Matthews - Stars : 1 - Kings : 1.
7:25 of 1st period - Sidney Crosby wins face-off versus Evgeny Kuznetsov in neutral zone.
7:28 of 1st period - Paul Ladue is hit by Mitch Marner and loses puck.
7:46 of 1st period - Ben Chiarot is hit by Sidney Crosby and loses puck.
7:57 of 1st period - Snap shot by Chris Tierney.
7:57 of 1st period - Stopped by Matt Murray without a rebound.
7:58 of 1st period - Auston Matthews wins face-off versus Evgeny Grachev in Stars zone.
8:20 of 1st period - Minor Penalty to Andrej Sustr for Hooking.
8:21 of 1st period - John Tavares wins face-off versus Mikko Rantanen in Stars zone.
8:32 of 1st period - Wrist shot by Mitch Marner.
8:32 of 1st period - Shot Blocked by Boris Valabik.
8:34 of 1st period - Snap shot by Auston Matthews.
8:34 of 1st period - Stopped by Matt Murray with a rebound.
8:36 of 1st period - Snap shot by Mitch Marner.
8:36 of 1st period - Stopped by Matt Murray with a rebound.
8:38 of 1st period - Slapshot by Jake Guentzel.
8:38 of 1st period - Stopped by Matt Murray without a rebound.
8:39 of 1st period - Sam Bennett wins face-off versus John Tavares in Stars zone.
9:05 of 1st period - Icing by Mikko Rantanen.
9:06 of 1st period - Evgeny Grachev wins face-off versus Auston Matthews in Kings zone.
9:35 of 1st period - Wrist shot by Auston Matthews.
9:35 of 1st period - Shot Blocked by Ben Chiarot.
9:37 of 1st period - Snap shot by Mitch Marner.
9:37 of 1st period - Shot Blocked by Ben Chiarot.
9:39 of 1st period - Snap shot by Jake Guentzel.
9:39 of 1st period - Shot Misses the Net.
9:41 of 1st period - Snap shot by Mitch Marner.
9:41 of 1st period - Shot Misses the Net.
9:43 of 1st period - Backhand shot by Jake Guentzel.
9:43 of 1st period - Shot Misses the Net.
9:45 of 1st period - Snap shot by Mitch Marner.
9:45 of 1st period - Shot Misses the Net.
10:09 of 1st period - Wrist shot by Andrew Ladd.
10:09 of 1st period - Shot Blocked by Quinn Hughes.
10:20 of 1st period - Penalty to Andrej Sustr is over, Andrej Sustr is back on ice.
10:25 of 1st period - Auston Matthews is hit by Paul Ladue and loses puck.
11:42 of 1st period - Auston Matthews is hit by Andrew Ladd and loses puck.
11:51 of 1st period - Snap shot by Mikko Rantanen.
11:51 of 1st period - Shot Misses the Net.
11:53 of 1st period - Snap shot by Auston Matthews.
11:53 of 1st period - Stopped by Matt Murray without a rebound.
11:54 of 1st period - John Tavares wins face-off versus Sam Bennett in Stars zone.
11:58 of 1st period - Off-side.
11:59 of 1st period - Sam Bennett wins face-off versus John Tavares in neutral zone.
12:28 of 1st period - Snap shot by Matthew Tkachuk.
12:28 of 1st period - Goal by Matthew Tkachuk - Stars : 1 - Kings : 2.
12:29 of 1st period - Matt Martin wins face-off versus John Tavares in neutral zone.
13:01 of 1st period - Snap shot by Guillaume Latendresse.
13:01 of 1st period - Stopped by Ondrej Pavelec with a rebound.
13:09 of 1st period - John Tavares is hit by Sam Bennett and loses puck.
13:21 of 1st period - Teuvo Teravainen is hit by Guillaume Latendresse.
14:01 of 1st period - Wrist shot by Michael Grabner.
14:01 of 1st period - Shot Blocked by Adrian Kempe.
14:25 of 1st period - Snap shot by John Tavares.
14:25 of 1st period - Shot Misses the Net.
14:27 of 1st period - Wrist shot by Guillaume Latendresse.
14:27 of 1st period - Stopped by Ondrej Pavelec with a rebound.
14:29 of 1st period - Slapshot by Paul Ladue.
14:29 of 1st period - Shot Blocked by Marc Staal.
14:31 of 1st period - Wrist shot by Guillaume Latendresse.
14:31 of 1st period - Stopped by Ondrej Pavelec without a rebound.
14:32 of 1st period - Matt Martin wins face-off versus Evgeny Kuznetsov in Kings zone.
15:35 of 1st period - Icing by Andrej Sustr.
15:36 of 1st period - Matt Martin wins face-off versus Henrik Borgstrom in Stars zone.
15:37 of 1st period - Snap shot by Matthew Tkachuk.
15:37 of 1st period - Stopped by Matt Murray with a rebound.
15:39 of 1st period - Snap shot by Matthew Tkachuk.
15:39 of 1st period - Goal by Matthew Tkachuk - Stars : 1 - Kings : 3.
15:40 of 1st period - Evgeny Kuznetsov wins face-off versus Auston Matthews in neutral zone.
17:54 of 1st period - Snap shot by Jonathan Drouin.
17:54 of 1st period - Shot Hit the Post.
17:56 of 1st period - Slapshot by Paul Ladue.
17:56 of 1st period - Shot Misses the Net.
17:58 of 1st period - Snap shot by Jonathan Drouin.
17:58 of 1st period - Shot Blocked by Adam Fox.
18:00 of 1st period - Wrist shot by Paul Ladue.
18:00 of 1st period - Deflect By Jonathan Drouin.
18:00 of 1st period - Shot Blocked by Jared Cowen.
18:00 of 1st period - Puck is out of play.
18:01 of 1st period - John Tavares wins face-off versus Mikko Rantanen in Kings zone.
18:14 of 1st period - Snap shot by Chris Tierney.
18:14 of 1st period - Stopped by Matt Murray with a rebound.
18:28 of 1st period - Jared Cowen is hit by Boris Valabik and loses puck.
18:35 of 1st period - Wrist shot by Cam Atkinson.
18:35 of 1st period - Shot Blocked by Mitch Marner.
18:37 of 1st period - Snap shot by Cam Atkinson.
18:37 of 1st period - Stopped by Ondrej Pavelec without a rebound.
18:38 of 1st period - Auston Matthews wins face-off versus Evgeny Grachev in Kings zone.
19:19 of 1st period - Icing by Marc Staal.
19:20 of 1st period - Sidney Crosby wins face-off versus Evgeny Kuznetsov in Kings zone.
Goals for this period are 1 for Stars vs 3 for Kings.
Shots for this period are 8 for Stars vs 11 for Kings.
2nd period
0:01 of 2nd period - John Tavares wins face-off versus Auston Matthews in neutral zone.
0:26 of 2nd period - John Tavares is hit by Sam Bennett.
0:32 of 2nd period - Slapshot by Andrej Sustr.
0:32 of 2nd period - Shot Blocked by Colton Parayko.
0:54 of 2nd period - Slapshot by Boris Valabik.
0:54 of 2nd period - Stopped by Ondrej Pavelec with a rebound.
1:11 of 2nd period - Backhand shot by Jonathan Drouin.
1:11 of 2nd period - Shot Blocked by Sidney Crosby.
1:53 of 2nd period - Marc Staal is hit by Andrew Ladd and loses puck.
2:33 of 2nd period - Aaron Ekblad is hit by John Tavares and loses puck.
3:31 of 2nd period - Slapshot by Quinn Hughes.
3:31 of 2nd period - Shot Blocked by Evgeny Kuznetsov.
3:35 of 2nd period - Wrist shot by Zac Rinaldo.
3:35 of 2nd period - Deflect By Matthew Tkachuk.
3:35 of 2nd period - Stopped by Matt Murray with a rebound.
3:49 of 2nd period - Icing by Jake Guentzel.
3:50 of 2nd period - Sidney Crosby wins face-off versus John Tavares in Kings zone.
4:05 of 2nd period - Wrist shot by Sidney Crosby.
4:05 of 2nd period - Shot Blocked by Andrej Sustr.
4:11 of 2nd period - Snap shot by Jake Guentzel.
4:11 of 2nd period - Shot Blocked by Boris Valabik.
4:13 of 2nd period - Slapshot by Adam Fox.
4:13 of 2nd period - Stopped by Matt Murray with a rebound.
4:15 of 2nd period - Slapshot by Adam Fox.
4:15 of 2nd period - Shot Blocked by Boris Valabik.
4:37 of 2nd period - Wrist shot by Sidney Crosby.
4:37 of 2nd period - Stopped by Matt Murray with a rebound.
4:39 of 2nd period - Wrist shot by Adam Fox.
4:39 of 2nd period - Stopped by Matt Murray without a rebound.
4:40 of 2nd period - Auston Matthews wins face-off versus Evgeny Grachev in Stars zone.
4:57 of 2nd period - Wrist shot by Chris Tierney.
4:57 of 2nd period - Stopped by Matt Murray with a rebound.
5:07 of 2nd period - Matthew Tkachuk is hit by Cam Atkinson and loses puck.
5:42 of 2nd period - Snap shot by Sam Bennett.
5:42 of 2nd period - Stopped by Matt Murray with a rebound.
6:43 of 2nd period - Snap shot by Michael Grabner.
6:43 of 2nd period - Stopped by Ondrej Pavelec with a rebound.
7:22 of 2nd period - Wrist shot by Scott Kosmachuck.
7:22 of 2nd period - Shot Misses the Net.
7:42 of 2nd period - Slapshot by Zac Rinaldo.
7:42 of 2nd period - Shot Misses the Net.
8:27 of 2nd period - Snap shot by Teuvo Teravainen.
8:27 of 2nd period - Shot Misses the Net.
8:51 of 2nd period - Alex Chiasson is hit by Matt Martin and loses puck.
9:04 of 2nd period - Slapshot by John Tavares.
9:04 of 2nd period - Stopped by Ondrej Pavelec with a rebound.
9:06 of 2nd period - Slapshot by Ben Chiarot.
9:06 of 2nd period - Stopped by Ondrej Pavelec with a rebound.
9:08 of 2nd period - Wrist shot by Michael Grabner.
9:08 of 2nd period - Deflect By John Tavares.
9:08 of 2nd period - Shot Blocked by Colton Parayko.
9:08 of 2nd period - Puck is out of play.
9:09 of 2nd period - Auston Matthews wins face-off versus John Tavares in Kings zone.
9:14 of 2nd period - Snap shot by Mikko Rantanen.
9:14 of 2nd period - Stopped by Matt Murray without a rebound.
9:15 of 2nd period - John Tavares wins face-off versus Auston Matthews in Stars zone.
9:31 of 2nd period - Icing by Chris Tierney.
9:32 of 2nd period - Auston Matthews wins face-off versus Evgeny Grachev in Kings zone.
9:32 of 2nd period - Auston Matthews is hit by Evgeny Grachev.
9:38 of 2nd period - Marc Staal is hit by Alex Chiasson and loses puck.
9:58 of 2nd period - Marc Staal is hit by Cam Atkinson and loses puck.
10:39 of 2nd period - Snap shot by Auston Matthews.
10:39 of 2nd period - Shot Blocked by Paul Ladue.
10:41 of 2nd period - Wrist shot by Mikko Rantanen.
10:41 of 2nd period - Shot Misses the Net.
10:54 of 2nd period - Off-side.
10:55 of 2nd period - Sidney Crosby wins face-off versus Evgeny Grachev in neutral zone.
11:00 of 2nd period - Snap shot by Jake Guentzel.
11:00 of 2nd period - Shot Blocked by Brian Lee.
11:06 of 2nd period - Jake Guentzel is hit by Evgeny Grachev and loses puck.
11:21 of 2nd period - Brian Lee is hit by Zac Rinaldo.
11:29 of 2nd period - Jared Cowen is hit by Guillaume Latendresse and loses puck.
14:00 of 2nd period - Off-side.
14:01 of 2nd period - Sidney Crosby wins face-off versus Evgeny Grachev in neutral zone.
14:03 of 2nd period - Quinn Hughes is hit by Ben Chiarot and loses puck.
14:22 of 2nd period - Minor Penalty to Sidney Crosby for Holding.
14:23 of 2nd period - Chris Tierney wins face-off versus John Tavares in Kings zone.
14:23 of 2nd period - Chris Tierney is hit by Guillaume Latendresse.
14:33 of 2nd period - Slapshot by Chris Tierney.
14:33 of 2nd period - Shot Blocked by Boris Valabik.
14:35 of 2nd period - Minor Penalty to Andrej Sustr for Slashing.
14:36 of 2nd period - John Tavares wins face-off versus Jake Guentzel in Stars zone.
14:43 of 2nd period - Wrist shot by Jake Guentzel.
14:43 of 2nd period - Shot Misses the Net.
14:45 of 2nd period - Snap shot by Mikko Rantanen.
14:45 of 2nd period - Stopped by Matt Murray with a rebound.
15:09 of 2nd period - John Tavares is hit by Jared Cowen and loses puck.
15:24 of 2nd period - Jared Cowen is hit by Evgeny Grachev and loses puck.
15:33 of 2nd period - Tyler Wotherspoon is hit by Sam Bennett.
15:45 of 2nd period - Wrist shot by Chris Tierney.
15:45 of 2nd period - Shot Misses the Net.
16:22 of 2nd period - Penalty to Sidney Crosby is over, Sidney Crosby is back on ice.
16:35 of 2nd period - Penalty to Andrej Sustr is over, Andrej Sustr is back on ice.
16:59 of 2nd period - Slapshot by Boris Valabik.
16:59 of 2nd period - Shot Misses the Net.
17:36 of 2nd period - Wrist shot by Tobias Rieder.
17:36 of 2nd period - Shot Blocked by Adam Fox.
17:38 of 2nd period - Snap shot by Scott Kosmachuck.
17:38 of 2nd period - Shot Blocked by Matt Martin.
17:42 of 2nd period - Wrist shot by Scott Kosmachuck.
17:42 of 2nd period - Shot Misses the Net.
17:56 of 2nd period - Jonathan Drouin is hit by Mikko Rantanen and loses puck.
18:07 of 2nd period - Aaron Ekblad is hit by Paul Ladue and loses puck.
18:36 of 2nd period - Zac Rinaldo is hit by Scott Kosmachuck and loses puck.
18:54 of 2nd period - Jake Guentzel is hit by Andrej Sustr and loses puck.
19:16 of 2nd period - Andrew Ladd is hit by Adam Fox and loses puck.
19:27 of 2nd period - Quinn Hughes is hit by Michael Grabner and loses puck.
19:34 of 2nd period - Snap shot by Michael Grabner.
19:34 of 2nd period - Stopped by Ondrej Pavelec with a rebound.
19:44 of 2nd period - Scott Kosmachuck is hit by Zac Rinaldo.
19:50 of 2nd period - Marc Staal is hit by Henrik Borgstrom and loses puck.
Goals for this period are 0 for Stars vs 0 for Kings.
Shots for this period are 5 for Stars vs 8 for Kings.
3rd period
0:01 of 3rd period - John Tavares wins face-off versus Auston Matthews in neutral zone.
0:04 of 3rd period - Wrist shot by Guillaume Latendresse.
0:04 of 3rd period - Stopped by Ondrej Pavelec with a rebound.
0:37 of 3rd period - Snap shot by Mitch Marner.
0:37 of 3rd period - Goal by Mitch Marner - Stars : 1 - Kings : 4.
0:38 of 3rd period - John Tavares wins face-off versus Mikko Rantanen in neutral zone.
0:41 of 3rd period - Colton Parayko is hit by John Tavares and loses puck.
1:27 of 3rd period - Adam Fox is hit by Cam Atkinson and loses puck.
1:38 of 3rd period - Slapshot by Jonathan Drouin.
1:38 of 3rd period - Shot Misses the Net.
1:40 of 3rd period - Wrist shot by Evgeny Kuznetsov.
1:40 of 3rd period - Stopped by Ondrej Pavelec without a rebound.
1:41 of 3rd period - Auston Matthews wins face-off versus John Tavares in Kings zone.
1:50 of 3rd period - Snap shot by John Tavares.
1:50 of 3rd period - Deflect By Aaron Ekblad.
1:50 of 3rd period - Shot Misses the Net.
1:50 of 3rd period - Puck is out of play.
1:51 of 3rd period - Auston Matthews wins face-off versus John Tavares in Kings zone.
2:24 of 3rd period - Wrist shot by John Tavares.
2:24 of 3rd period - Stopped by Ondrej Pavelec with a rebound.
2:44 of 3rd period - Snap shot by John Tavares.
2:44 of 3rd period - Shot Blocked by Chris Tierney.
2:46 of 3rd period - Slapshot by John Tavares.
2:46 of 3rd period - Stopped by Ondrej Pavelec without a rebound.
2:47 of 3rd period - Sidney Crosby wins face-off versus Evgeny Grachev in Kings zone.
2:52 of 3rd period - Snap shot by Alex Chiasson.
2:52 of 3rd period - Shot Blocked by Adam Fox.
3:16 of 3rd period - Cam Atkinson is hit by Adrian Kempe and loses puck.
3:28 of 3rd period - Minor Penalty to Boris Valabik for Hooking.
3:29 of 3rd period - Auston Matthews wins face-off versus John Tavares in Stars zone.
3:37 of 3rd period - Slapshot by Mitch Marner.
3:37 of 3rd period - Stopped by Matt Murray with a rebound.
3:39 of 3rd period - Slapshot by Quinn Hughes.
3:39 of 3rd period - Shot Misses the Net.
3:41 of 3rd period - Slapshot by Quinn Hughes.
3:41 of 3rd period - Shot Misses the Net.
4:18 of 3rd period - Slapshot by Evgeny Grachev.
4:18 of 3rd period - Deflect By Andrew Ladd.
4:18 of 3rd period - Stopped by Ondrej Pavelec without a rebound.
4:19 of 3rd period - Auston Matthews wins face-off versus Andrew Ladd in Kings zone.
4:45 of 3rd period - Andrej Sustr is hit by Adrian Kempe and loses puck.
5:28 of 3rd period - Penalty to Boris Valabik is over, Boris Valabik is back on ice.
5:32 of 3rd period - Paul Ladue is hit by Auston Matthews and loses puck.
5:46 of 3rd period - Wrist shot by John Tavares.
5:46 of 3rd period - Shot Misses the Net.
5:48 of 3rd period - Snap shot by John Tavares.
5:48 of 3rd period - Shot Misses the Net.
5:50 of 3rd period - Backhand shot by Guillaume Latendresse.
5:50 of 3rd period - Deflect By John Tavares.
5:50 of 3rd period - Shot Misses the Net.
5:50 of 3rd period - Puck is out of play.
5:51 of 3rd period - Evgeny Kuznetsov wins face-off versus Auston Matthews in Kings zone.
5:52 of 3rd period - Wrist shot by Jonathan Drouin.
5:52 of 3rd period - Stopped by Ondrej Pavelec with a rebound.
5:54 of 3rd period - Slapshot by Cam Atkinson.
5:54 of 3rd period - Shot Misses the Net.
5:56 of 3rd period - Snap shot by Brian Lee.
5:56 of 3rd period - Shot Misses the Net.
6:05 of 3rd period - Slapshot by Tyler Wotherspoon.
6:05 of 3rd period - Deflect By Cam Atkinson.
6:05 of 3rd period - Shot Blocked by Colton Parayko.
6:05 of 3rd period - Puck is out of play.
6:06 of 3rd period - Evgeny Grachev wins face-off versus Matt Martin in Kings zone.
6:15 of 3rd period - Snap shot by Andrew Ladd.
6:15 of 3rd period - Shot Misses the Net.
6:21 of 3rd period - Wrist shot by Alex Chiasson.
6:21 of 3rd period - Shot Misses the Net.
6:41 of 3rd period - Snap shot by Jake Guentzel.
6:41 of 3rd period - Stopped by Matt Murray without a rebound.
6:42 of 3rd period - John Tavares wins face-off versus Auston Matthews in Stars zone.
6:55 of 3rd period - Snap shot by Chris Tierney.
6:55 of 3rd period - Deflect By Auston Matthews.
6:55 of 3rd period - Shot Blocked by John Tavares.
6:55 of 3rd period - Puck is out of play.
6:56 of 3rd period - John Tavares wins face-off versus Chris Tierney in Stars zone.
6:56 of 3rd period - John Tavares is hit by Chris Tierney.
8:14 of 3rd period - Snap shot by Adam Fox.
8:14 of 3rd period - Shot Misses the Net.
8:30 of 3rd period - Michael Grabner is hit by Chris Tierney and loses puck.
8:56 of 3rd period - Tyler Wotherspoon is hit by Aaron Ekblad.
9:16 of 3rd period - Snap shot by Adrian Kempe.
9:16 of 3rd period - Shot Misses the Net.
9:22 of 3rd period - Aaron Ekblad is hit by Andrej Sustr and loses puck.
9:35 of 3rd period - Wrist shot by Michael Grabner.
9:35 of 3rd period - Stopped by Ondrej Pavelec without a rebound.
9:36 of 3rd period - John Tavares wins face-off versus Matt Martin in Kings zone.
9:43 of 3rd period - Wrist shot by John Tavares.
9:43 of 3rd period - Shot Misses the Net.
9:54 of 3rd period - Minor Penalty to Michael Grabner for Hooking.
9:55 of 3rd period - Auston Matthews wins face-off versus John Tavares in Stars zone.
9:55 of 3rd period - Wrist shot by Mikko Rantanen.
9:55 of 3rd period - Shot Misses the Net.
9:59 of 3rd period - Wrist shot by Mikko Rantanen.
9:59 of 3rd period - Deflect By Auston Matthews.
9:59 of 3rd period - Stopped by Matt Murray without a rebound.
10:00 of 3rd period - Auston Matthews wins face-off versus John Tavares in Stars zone.
10:09 of 3rd period - Wrist shot by Mikko Rantanen.
10:09 of 3rd period - Shot Misses the Net.
10:11 of 3rd period - Snap shot by Jake Guentzel.
10:11 of 3rd period - Stopped by Matt Murray with a rebound.
10:15 of 3rd period - Wrist shot by Mikko Rantanen.
10:15 of 3rd period - Stopped by Matt Murray with a rebound.
10:17 of 3rd period - Slapshot by Quinn Hughes.
10:17 of 3rd period - Deflect By Guillaume Latendresse.
10:17 of 3rd period - Stopped by Matt Murray without a rebound.
10:18 of 3rd period - John Tavares wins face-off versus Sam Bennett in Stars zone.
10:18 of 3rd period - John Tavares is hit by Jake Guentzel.
10:52 of 3rd period - Slapshot by Quinn Hughes.
10:52 of 3rd period - Shot Misses the Net.
11:04 of 3rd period - Andrew Ladd is hit by Sidney Crosby and loses puck.
11:25 of 3rd period - Guillaume Latendresse is hit by Mitch Marner and loses puck.
11:54 of 3rd period - Penalty to Michael Grabner is over, Michael Grabner is back on ice.
12:00 of 3rd period - Slapshot by Jared Cowen.
12:00 of 3rd period - Shot Misses the Net.
12:10 of 3rd period - Zac Rinaldo is hit by Cam Atkinson and loses puck.
12:23 of 3rd period - Slapshot by Scott Kosmachuck.
12:23 of 3rd period - Shot Blocked by Adam Fox.
12:35 of 3rd period - Snap shot by Scott Kosmachuck.
12:35 of 3rd period - Shot Misses the Net.
12:37 of 3rd period - Snap shot by Cam Atkinson.
12:37 of 3rd period - Stopped by Ondrej Pavelec without a rebound.
12:38 of 3rd period - Evgeny Kuznetsov wins face-off versus Sam Bennett in Kings zone.
12:41 of 3rd period - Wrist shot by Evgeny Kuznetsov.
12:41 of 3rd period - Deflect By Jonathan Drouin.
12:41 of 3rd period - Shot Misses the Net.
12:41 of 3rd period - Puck is out of play.
12:42 of 3rd period - Sam Bennett wins face-off versus Evgeny Kuznetsov in Kings zone.
13:11 of 3rd period - Wrist shot by Jonathan Drouin.
13:11 of 3rd period - Shot Blocked by Adrian Kempe.
13:19 of 3rd period - Wrist shot by Evgeny Kuznetsov.
13:19 of 3rd period - Shot Blocked by Adrian Kempe.
13:21 of 3rd period - Slapshot by Jonathan Drouin.
13:21 of 3rd period - Shot Blocked by Adrian Kempe.
13:23 of 3rd period - Slapshot by Cam Atkinson.
13:23 of 3rd period - Shot Hit the Post.
13:31 of 3rd period - Backhand shot by Jonathan Drouin.
13:31 of 3rd period - Shot Misses the Net.
13:33 of 3rd period - Snap shot by Jonathan Drouin.
13:33 of 3rd period - Deflect By Adrian Kempe.
13:33 of 3rd period - Stopped by Ondrej Pavelec with a rebound.
13:35 of 3rd period - Wrist shot by Jonathan Drouin.
13:35 of 3rd period - Shot Blocked by Adrian Kempe.
13:37 of 3rd period - Wrist shot by Evgeny Kuznetsov.
13:37 of 3rd period - Goal by Evgeny Kuznetsov - Stars : 2 - Kings : 4.
13:38 of 3rd period - John Tavares wins face-off versus Auston Matthews in neutral zone.
13:41 of 3rd period - Marc Staal is hit by Michael Grabner and loses puck.
13:58 of 3rd period - Michael Grabner is hit by Chris Tierney and loses puck.
14:13 of 3rd period - Andrew Ladd is hit by Jake Guentzel and loses puck.
15:16 of 3rd period - Wrist shot by Adrian Kempe.
15:16 of 3rd period - Goal by Adrian Kempe - Stars : 2 - Kings : 5.
15:17 of 3rd period - John Tavares wins face-off versus Auston Matthews in neutral zone.
16:31 of 3rd period - Wrist shot by Scott Kosmachuck.
16:31 of 3rd period - Shot Blocked by Adam Fox.
16:47 of 3rd period - Slapshot by Tyler Wotherspoon.
16:47 of 3rd period - Stopped by Ondrej Pavelec with a rebound.
16:49 of 3rd period - Slapshot by Brian Lee.
16:49 of 3rd period - Shot Misses the Net.
17:14 of 3rd period - Minor Penalty to Andrej Sustr for Holding.
17:15 of 3rd period - Auston Matthews wins face-off versus John Tavares in Stars zone.
19:07 of 3rd period - Sidney Crosby is hit by Ben Chiarot and loses puck.
19:14 of 3rd period - Penalty to Andrej Sustr is over, Andrej Sustr is back on ice.
19:31 of 3rd period - Off-side.
19:32 of 3rd period - Zac Rinaldo wins face-off versus Henrik Borgstrom in neutral zone.
19:36 of 3rd period - Slapshot by Matthew Tkachuk.
19:36 of 3rd period - Stopped by Matt Murray without a rebound.
19:37 of 3rd period - Matthew Tkachuk wins face-off versus Henrik Borgstrom in Stars zone.
Goals for this period are 1 for Stars vs 2 for Kings.
Shots for this period are 11 for Stars vs 9 for Kings.